 Dungeon Crawl Stone Soup version 0.14-a0-1585-g835621a (webtiles) character file.

166 4tharraofdagon the Firebug (level 3, -8/28 HPs)
             Began as a Naga Fire Elementalist on Dec 22, 2013.
             Killed by divine providence
             ... invoked by an orc priest
              (14 damage)
             ... on Level 4 of the Dungeon.
             The game lasted 00:04:44 (602 turns).

4tharraofdagon the Firebug (Naga Fire Elementalist)  Turns: 602, Time: 00:04:44

HP  -8/28        AC  3     Str 10      XL: 3   Next: 66%
MP   6/6         EV 10     Int 16      God:
Gold 120         SH  0     Dex 11      Spells:  1 memorised,  5 levels left

rFire  . . .     SeeInvis +     p - +1 dagger (venom)
rCold  . . .     Clarity  .     a - +0 robe
rNeg   . . .     Conserve .     (no shield)
rPois  +         rCorr    .     (no helmet)
rElec  .         rRot     .     (no cloak)
SustAb . .       Spirit   .     o - +0 pair of gloves
rMut   .         Warding  .     (no barding)
Saprov . . .     Stasis   .     (no amulet)
                                (no ring)
                                (no ring)

@: very slow, slightly resistant to hostile enchantments, fairly stealthy
A: spit poison, see invisible, deformed body, poison resistance, slowness 2, AC
+1
a: Spit Poison


You were on level 4 of the Dungeon.
You were hungry.

You visited 1 branch of the dungeon, and saw 4 of its levels.

You collected 120 gold pieces.

Inventory:

Hand weapons
 p - a +1,+1 dagger of venom (weapon)
Missiles
 g - 23 darts (quivered)
Armour
 a - a +0 robe (worn)
 i - a +0 elven leather armour
 o - a +0 pair of gloves (worn)
Comestibles
 c - a bread ration
 d - a snozzcumber
 f - 3 meat rations
 k - a choko
Scrolls
 e - 2 scrolls of remove curse {unknown}
 h - a scroll of immolation {unknown}
 n - a scroll of magic mapping {unknown}
 q - a scroll of fog {unknown}
 r - a scroll of curse armour {unknown}
Potions
 j - a potion of confusion {unknown}
 l - a potion of brilliance {unknown}
 m - 2 potions of heal wounds {unknown}
 s - a potion of berserk rage {unknown}
Books
 b - a book of Flames

   Spells                             Type                      Level
   *Flame Tongue                      Conjuration/Fire             1
   Throw Flame                        Conjuration/Fire             2
   Conjure Flame                      Conjuration/Fire             3
   Inner Flame                        Hexes/Fire                   3
   Sticky Flame                       Conjuration/Fire             4
   Fireball                           Conjuration/Fire             5


   Skills:
 - Level 1.5 Dodging
 - Level 3.0 Stealth
 + Level 2.2 Spellcasting
 * Level 2.0 Conjurations
 * Level 3.8 Fire Magic


You had 5 spell levels left.
You knew the following spells:

 Your Spells              Type           Power        Failure   Level  Hunger
a - Flame Tongue          Conj/Fire      ##...        8%          1    #......


Dungeon Overview and Level Annotations

Branches:
Dungeon (4/16)
 Temple: D:4-7

Altars:


Innate Abilities, Weirdness & Mutations

You cannot wear boots.
You can spit poison.
Your serpentine skin is tough (AC +1).
You have supernaturally acute eyesight.
Armour fits poorly on your strangely shaped body.
Your system is resistant to poisons.
You cover ground very slowly.


Message History

Found 23 arrows.
Found a fizzy silvery potion.
Found a stone staircase leading up.
s - a fizzy silvery potion
Found a stone staircase leading down.
You are feeling hungry.
An orc comes into view. It is wielding an orcish dagger.
The orc shouts!
You hear a shout!
You hear a shout!
You hear a shout!
You hear a shout!
An orc wizard comes into view. It is wielding an orcish dagger.
An orc priest and an orc wizard come into view.
The orc priest invokes the aid of Beogh against you.
Something smites you!
Ouch! That really hurt!
* * * LOW HITPOINT WARNING * * *
The orc hits you with an orcish dagger.
* * * LOW HITPOINT WARNING * * *
The orc priest calls down the wrath of Beogh upon you.
Something smites you!
Ouch! That really hurt!
You die...

##.# #.# #.. .#.# #.#
#... .#.###.#########...
..............##..
.#.###.# #....##.#
.#.###.###....##.###
.#......##....#....#####
........###.###.(<..>....
................@o..#
##......###.#####o..#
#......# #... o..#
................ .....
##......#########...###
######## .o.# ...# ####


You could see an orc priest, 2 orc wizards and an orc.

Vanquished Creatures
  An adder (D:3)
  A giant mite (D:4)
  4 orcs (D:3)
  A hobgoblin (D:3)
  A bat (D:1)
  A giant newt (D:1)
  7 goblins
  6 kobolds
  2 rats
24 creatures vanquished.

Notes
Turn   | Place    | Note
--------------------------------------------------------------
     0 | D:1      | 4tharraofdagon, the Naga Fire Elementalist, began the quest for the Orb.
     0 | D:1      | Reached XP level 1. HP: 15/15 MP: 3/3
    62 | D:1      | 4tharraofdagon: thank god i died quick
   104 | D:2      | 4tharraofdagon: 3 useless jewelries and muna fu
   146 | D:2      | Bloax: don't go sif
   152 | D:2      | Bloax: just don't
   156 | D:2      | 4tharraofdagon: ye but he was so early
   270 | D:3      | Reached XP level 2. HP: 13/22 MP: 4/4
   290 | D:3      | Bloax: you should grab that sling
   306 | D:3      | Turgon: I thought so too
   307 | D:3      | Bloax: what's better than free ranged
   351 | D:3      | Bloax: quite a lot of stones here too
   407 | D:3      | Reached XP level 3. HP: 20/28 MP: 6/6
   420 | D:3      | Bloax: point in case
   491 | D:4      | Bloax: y u no sling
   510 | D:3      | Bloax: although that glowing war axe sure seems shiny
   602 | D:4      | Killed from afar by an orc priest

Action                   || total
-------------------------++-------
Melee: Unarmed           ||     2
Throw: Dart              ||     1
 Cast: Flame Tongue      ||    21
 Abil: Spit Poison       ||    19
